 Dungeon Crawl Stone Soup version 0.23.2-40-g277498a001 (webtiles) character file.

Game seed: 9792615500205205222

53 Descartes the Gusty (level 3, 0/20 HPs)
             Began as a Tengu Air Elementalist on Aug 30, 2019.
             Succumbed to an adder's poison
             ... on level 1 of the Dungeon.
             The game lasted 00:03:58 (1337 turns).

Descartes the Gusty (Tengu Air Elementalist)        Turns: 1337, Time: 00:03:58

Health: 0/20       AC:  4    Str:  8    XL:     3   Next: 87%
Magic:  2/7        EV: 13    Int: 19    God:
Gold:   48         SH:  0    Dex: 14    Spells: 5/6 levels left

rFire    . . .     SeeInvis .   g - +0 rapier
rCold    . . .     Gourm    .   (no shield)
rNeg     . . .     Faith    .   a - +0 robe
rPois    .         Spirit   .   (helmet restricted)
rElec    .         Reflect  .   (no cloak)
rCorr    .         Harm     .   l - +1 pair of gloves
MR       .....                  (boots unavailable)
Stlth    ++........             (no amulet)
HPRegen  0.06/turn              f - +3 ring of intelligence
MPRegen  0.10/turn              (no ring)

@: lethally poisoned (0 -> -7)
A: beak, talons 3
a: no special abilities


You were on level 1 of the Dungeon.
You were near starving.

You visited 1 branch of the dungeon, and saw 2 of its levels.

You collected 48 gold pieces.

Inventory:

Hand Weapons
 g - a +0 rapier (weapon)
Missiles
 e - 41 stones (quivered)
 m - 29 sling bullets
Armour
 a - a +0 robe (worn)
 l - a +1 pair of gloves (worn)
Jewellery
 f - a +3 ring of intelligence (left hand)
Scrolls
 b - a scroll of immolation {unknown}
 h - a scroll of identify {unknown}
 i - a scroll of random uselessness {unknown}
 j - a scroll of teleportation {unknown}
 k - a scroll of enchant armour {unknown}
Comestibles
 c - 3 rations


   Skills:
 + Level 0.7 Fighting
 + Level 0.2 Short Blades
 + Level 0.7 Armour
 + Level 2.5 Dodging
 + Level 2.2 Stealth
 * Level 2.3 Spellcasting
 * Level 2.5 Conjurations
 * Level 4.4 Air Magic


You had 5 spell levels left.
You knew the following spells:

 Your Spells              Type           Power        Failure   Level  Hunger
a - Shock                 Conj/Air       ###.         3%          1    #......

Your spell library contained the following spells:

 Spells                   Type           Power        Failure   Level  Hunger
 Swiftness                Chrm/Air       ##......     10%         2    ##.....
 Static Discharge         Conj/Air       ###.....     12%         3    ###....
 Airstrike                Air            ###.......   26%         4    #####..
 Lightning Bolt           Conj/Air       ###.......   71%         5    ######.


Dungeon Overview and Level Annotations

Branches:
Dungeon (2/15)

Altars:


Innate Abilities, Weirdness & Mutations

You have a beak for a mouth.
You have claws for feet.


Message History

Press: ? - help, Shift-Dir - straight line The zap hits the adder.
The adder is lightly wounded.
The zap misses the hobgoblin.
The zap hits the hobgoblin.
The hobgoblin is almost dead.
* * * LOW HITPOINT WARNING * * *
You feel sick. The adder closely misses you.
You aren't carrying any potions.
* * * LOW HITPOINT WARNING * * *
You feel sick. The adder closely misses you.
* * * LOW HITPOINT WARNING * * *
You feel sick.
* * * LOW HITPOINT WARNING * * *
You feel sick. The adder misses you.
* * * LOW HITPOINT WARNING * * *
You feel sick. The adder barely misses you.
You die...

#.##.##.# #.....# ##
#.##.##.# #.....######
#.##.##.# ########....
#.##.##.# #.###
#.......# #.###
####.#############.##.
#.....># #.......#.##.
#.##.#.# #.#####.#.##.
#.##.@.###.#####.#....
#.####.Sg.......>.....
#.####.###.#####.#####
#......# #.#####.#
######## #.......#
#########


You could see an adder and a hobgoblin.

Vanquished Creatures
  Jessica (D:2)
  An adder (D:2)
  A bat (D:2)
  3 giant cockroaches
  2 hobgoblins (D:1)
  A frilled lizard (D:2)
  3 goblins
  3 kobolds
  3 rats
18 creatures vanquished.

Notes
Turn   | Place    | Note
-------+----------+-------------------------------------------
     0 | D:1      | Descartes the Tengu Air Elementalist began the quest for
                  | the Orb.
     0 | D:1      | Reached XP level 1. HP: 10/10 MP: 4/4
   417 | D:1      | Reached XP level 2. HP: 15/15 MP: 3/6
  1211 | D:2      | Reached XP level 3. HP: 20/20 MP: 2/7
  1264 | D:2      | Noticed Jessica
  1269 | D:2      | Killed Jessica
  1335 | D:1      | HP: 1/20 [poisoned by an adder]
  1337 | D:1      | Succumbed to an adder's poison

Skill      XL: |  1  2 |
---------------+-------+-----
Conjurations   | 2 |  2.5
Fighting       | |  0.7
Short Blades   | |  0.2
Armour         | |  0.7
Dodging        | |  2.5
Stealth        | |  2.2
Spellcasting   | |  2.3
Air Magic      | |  4.4

Action                   || total
-------------------------++-------
Melee: Dagger            ||     3
       Rapier            ||     4
 Cast: Shock             ||    46
Armor: Robe              ||    12
Dodge: Dodged            ||    21
